 Dungeon Crawl Stone Soup version 0.28-a0-657-g71136c5590 (webtiles) character file.

Game seed: 17052451106381874313

2421 KoroneIsBestGirl the Frost Mage (level 9, 0/72 HPs)
             Began as a Barachi Ice Elementalist on Oct 14, 2021.
             Was an Initiate of Gozag.
             Succumbed to a killer bee's poison
             ... on level 6 of the Dungeon.
             The game lasted 00:11:18 (11152 turns).

KoroneIsBestGirl the Frost Mage (BaIE)             Turns: 11152, Time: 00:11:18

Health: 0/72       AC:  2    Str: 10    XL:     9   Next: 48%
Magic:  18/18      EV: 14    Int: 19    God:    Gozag
Gold:   1020       SH:  0    Dex: 12    Spells: 17/21 levels left

rFire   . . .      SeeInvis .   c - +0 short sword
rCold   . . .      Faith    .   (no shield)
rNeg    . . .      Spirit   .   a - +0 robe
rPois   .          Reflect  .   (no helmet)
rElec   .          Harm     .   (no cloak)
rCorr   .          Rampage  .   (no gloves)
Will    .....                   (no boots)
Stlth   +.........              (no amulet)
HPRegen 0.22/turn               n - ring of flight
MPRegen 0.16/turn               (no ring)

@: confused, lethally poisoned (0 -> -25), ambrosia-drunk, gold aura, unable to
hop, freezing walls, flying, slow
A: amphibious, slowness 1, strong legs 1, +LOS
a: Hop, Renounce Religion, Potion Petition, Call Merchant, Bribe Branch


You were on level 6 of the Dungeon.
You worshipped Gozag.
Gozag was most pleased with you.
You visited 1 branch of the dungeon, and saw 7 of its levels.

You collected 1020 gold pieces.

Inventory:

Hand Weapons
 c - a +0 short sword (weapon)
Armour
 a - a +0 robe (worn)
Jewellery
 n - a ring of flight (left hand)
 o - a +6 ring of dexterity
Scrolls
 d - 3 scrolls of magic mapping
 e - 2 scrolls of identify
 f - 3 scrolls of enchant weapon
 g - 2 scrolls of torment
 h - 2 scrolls of fog
 i - a scroll of noise {unknown}
 j - a scroll of amnesia {unknown}
 l - 2 scrolls of immolation {unknown}
 m - 3 scrolls of fear {unknown}
 p - a scroll of silence {unknown}
 q - a scroll of enchant armour {unknown}
 r - a scroll of acquirement {unknown}
Potions
 b - 3 potions of flight


   Skills:
 * Level 7.0 Fighting
 - Level 0.9 Short Blades
 + Level 6.9 Dodging
 - Level 2.0 Stealth
 + Level 6.6 Spellcasting
 + Level 9.1 Ice Magic


You had 17 spell levels left.
You knew the following spells:

 Your Spells              Type           Power      Damage    Failure   Level
a - Freeze                Ice            100%       1d11      1%          1
b - Frozen Ramparts       Ice            82%        1d10      1%          3

Your spell library contained the following spells:

 Spells                   Type           Power      Damage    Failure   Level
 Ozocubu's Armour         Ice            41%        N/A       1%          3
 Sandblast                Erth           12%        2d6       11%         1
 Passwall                 Tmut/Erth      5%         N/A       16%         2
 Hailstorm                Conj/Ice       23%        3d7       16%         4
 Ice Form                 Ice/Tmut       23%        N/A       16%         4
 Stone Arrow              Conj/Erth      12%        3d7       32%         3
 Simulacrum               Ice/Necr       11%        N/A       94%         6


Dungeon Overview and Level Annotations

Branches:
Dungeon (7/15)             Temple (0/1) D:5

Altars:
Elyvilon
Gozag
Hepliaklqana
Okawaru
Qazlal

Portals:
Ossuary: D:7


Innate Abilities, Weirdness & Mutations

You are amphibious.
You cover ground slowly.
You can hop short distances.
You have an extended range of vision and can be seen from far away.


Message History

* * * LOW HITPOINT WARNING * * *
The wall freezes the bullfrog.
The bullfrog seems to slow down.
The bullfrog misses you.
The wall freezes the killer bee.
The killer bee closely misses you.
The wall freezes the killer bee.
The killer bee misses you.
The wall freezes the bullfrog!
The bullfrog hits you.
* * * LOW HITPOINT WARNING * * *
You are too confused!
Okay, then.
You are too confused!
Your frozen ramparts will break if you move.
Continue?
Okay, then.
Your frozen ramparts will break if you move.
Continue?
You're too confused to move!
You feel very sick.
The wall freezes the killer bee.
The killer bee stings you!
* * * LOW HITPOINT WARNING * * *
You are lethally poisoned!
The killer bee poisons you!
The wall freezes the killer bee.
The killer bee stings you.
* * * LOW HITPOINT WARNING * * *
The wall freezes the killer bee.
You kill the killer bee!
The wall freezes the killer bee.
The killer bee stings you.
* * * LOW HITPOINT WARNING * * *
You are more poisoned.
The killer bee poisons you!
The wall freezes the bullfrog!
You kill the bullfrog!
Your frozen ramparts will break if you move.
Continue?
You bump into the rock wall.
* * * LOW HITPOINT WARNING * * *
You feel extremely sick.
The wall freezes the killer bee.
You kill the killer bee!
Your Fighting skill increases to level 7!
Okay, then.
You are too confused!
There is a lethal amount of poison in your body!
You die...
Your body crumbles into a pile of gold.

...........# #.#
.###.......# #.#
.###.......# #.#
...........# #.#
..##.......# #.#
........<..# #.#
.$...<.....# #.#
..>..####### ##$#
....## #$@#
...### #$##
#....##### #.#
...#.....######.#
##...###........#
###### ##########
##


There were no monsters in sight!

Vanquished Creatures
  Pikel (D:4)
  Prince Ribbit (D:6)
  Menkaure (D:5)
  A sky beast (D:4)
  3 ogres
  A black bear (D:4)
  A necrophage (D:6)
  2 centaurs
  A lemure (D:4)
  A bullfrog (D:6)
  3 scorpions
  3 killer bees (D:6)
  A centaur zombie (D:6)
  A bullfrog skeleton (D:4)
  3 orc priests
  4 jellies
  A centaur skeleton (D:6)
  An iguana (D:6)
  3 orc wizards
  A hound skeleton (D:5)
  A howler monkey zombie (D:6)
  9 adders
  3 gnolls (D:4)
  A shadow imp (D:5)
  A worm (D:2)
  3 dart slugs
  18 orcs
  10 ball pythons
  5 endoplasms
  5 giant cockroaches
  6 goblins
  7 hobgoblins
  7 jackals
  A quokka (D:3)
  6 bats
  2 frilled lizards
  4 kobolds
  A quokka zombie (D:4)
  6 rats
130 creatures vanquished.

Vanquished Creatures (others)
  A fungus (D:1)
  2 plants (D:4)
3 creatures vanquished.

Grand Total: 133 creatures vanquished

Notes
Turn   | Place    | Note
-------+----------+-------------------------------------------
     0 | D:1      | KoroneIsBestGirl the Barachi Ice Elementalist began the
                  | quest for the Orb.
     0 | D:1      | Reached XP level 1. HP: 13/13 MP: 3/3
    54 | D:1      | Reached skill level 5 in Ice Magic
   237 | D:1      | Reached XP level 2. HP: 12/19 MP: 0/5
   505 | D:1      | Found a faded altar of an unknown god.
   510 | D:1      | Prayed at the altar of an unknown god.
   510 | D:1      | Became a worshipper of Gozag Ym Sagoz the Greedy
   892 | D:1      | Reached XP level 3. HP: 14/24 MP: 3/6
  2306 | D:3      | Found a stormy altar of Qazlal.
  2464 | D:3      | Reached XP level 4. HP: 26/30 MP: 4/8
  2592 | D:3      | Learned a level 3 spell: Frozen Ramparts
  2810 | D:3      | Noticed an ogre
  2908 | D:3      | Killed an ogre
  2909 | D:3      | Reached skill level 6 in Ice Magic
  2909 | D:3      | Reached XP level 5. HP: 18/35 MP: 2/10
  3378 | D:4      | Noticed a black bear
  3389 | D:4      | Killed a black bear
  3390 | D:4      | Reached XP level 6. HP: 40/41 MP: 4/12
  3679 | D:4      | Found a white marble altar of Elyvilon.
  3684 | D:4      | Noticed Pikel
  3697 | D:4      | Killed Pikel
  3698 | D:4      | Reached skill level 5 in Dodging
  3698 | D:4      | Reached skill level 5 in Spellcasting
  3698 | D:4      | Reached skill level 7 in Ice Magic
  3698 | D:4      | Reached XP level 7. HP: 11/46 MP: 2/14
  3990 | D:4      | Found an iron altar of Okawaru.
  4595 | D:4      | Found an opulent altar of Gozag.
  4608 | D:4      | Reached skill level 1 in Fighting
  4846 | D:4      | Found a hazy altar of Hepliaklqana.
  5391 | D:5      | Entered Level 5 of the Dungeon
  5398 | D:5      | Reached XP level 8. HP: 48/56 MP: 11/15
  5935 | D:5      | Reached skill level 8 in Ice Magic
  5973 | D:5      | HP: 2/58 [wyvern zombie (14)]
  5978 | D:5      | HP: 1/58 [wyvern zombie (11)]
  6394 | D:5      | Found a staircase to the Ecumenical Temple.
  6430 | D:5      | HP: 2/58 [wyvern zombie (12)]
  6757 | D:5      | Noticed Menkaure
  6766 | D:5      | Killed Menkaure
  7874 | D:6      | Reached skill level 5 in Fighting
  8739 | D:5      | Reached XP level 9. HP: 20/68 MP: 12/18
  9663 | D:6      | Noticed Prince Ribbit
  9670 | D:6      | Killed Prince Ribbit
  9671 | D:6      | Reached skill level 9 in Ice Magic
 11141 | D:7      | Found a sand-covered staircase.
 11150 | D:6      | HP: 3/71 [killer bee (5)]
 11151 | D:6      | HP: 1/71 [poisoned by a killer bee]
 11152 | D:6      | Succumbed to a killer bee's poison

Illustrated notes

Levels and vault maps discovered:
D:1:      minmay_arrival_wavy_path, layout_basic,
          dreamdust_ecumenical_altar_grove, moated_statue,
          minmay_misc_feat_pillars
D:2:      layout_basic, due_unseen_surprise
D:3:      layout_basic, mainiacjoe_overflow_small_starburst,
          minmay_fractal_squares_diagonal_5
D:4:      layout_gridville, mainiacjoe_overflow_chevrons, lemuel_round_altar,
          elyvilon_altar_1, marbit_many_paths, gup_sewer_entry_glass, uniq_pikel
D:5:      layout_basic, temple_doors_e, kennysheep_nondescript, uniq_menkaure
D:6:      layout_loops_cross, minmay_misc_feat_rows, uniq_prince_ribbit1
D:7:      layout_rooms, enter_ossuary_1, minmay_misc_feat_alley,
          hex_intersection

Skill      XL: |  1  2  3  4  5  6  7  8  9 |
---------------+----------------------------+-----
Ice Magic      | 5 6 7 8 9 |  9.1
Stealth        | 2 |  2.0
Spellcasting   | 3 4 5 6 |  6.6
Dodging        | 3 5 6 |  6.9
Fighting       | 1 5 7 |  7.0
Short Blades   | |  0.9

Action                   |  1- 3 |  4- 6 |  7- 9 || total
-------------------------+-------+-------+-------++-------
Melee: Short sword       |    28 |    13 |    99 ||   140
 Cast: Freeze            |    55 |    28 |   106 ||   189
       Frozen Ramparts   |       |     3 |    24 ||    27
 Abil: Hop               |       |       |     4 ||     4
  Use: Scroll            |       |       |     7 ||     7
       Potion            |       |       |     7 ||     7
Armor: Robe              |    23 |     2 |    39 ||    64
Dodge: Dodged            |    47 |    24 |   223 ||   294

Table legend: (Time is in decaauts)
 A = Elapsed time spent in this place.
 B = Non-inter-level travel time spent in this place.
 C = Inter-level travel time spent in this place.
 D = Time resting spent in this place.
 E = Time spent auto-exploring this place.
 F = Levels seen in this place.
 G = Mean time per level.
                   A        B        C        D        E       F      G
               +--------+--------+--------+--------+--------+-----+--------+
         Total |  11972 |  11691 |    281 |   3141 |   7349 |   7 | 1710.3 |
       Dungeon |  11972 |  11691 |    281 |   3141 |   7349 |   7 | 1710.3 |
               +--------+--------+--------+--------+--------+-----+--------+

Top non-repeatable levels by time:
     D:5: 4127 daAuts
     D:4: 2271 daAuts
     D:6: 1857 daAuts
     D:3: 1504 daAuts
     D:1: 1402 daAuts
     D:2: 787 daAuts
     D:7: 21 daAuts
